Map: Odyssey LE

Players

SortOf - Winner!

  • Race: Zerg Zerg
  • Spawn Location: 11:00

Theo

  • Race: Protoss Protoss
  • Spawn Location: 5:00

Event: WCS Jonkoping 2017

VOD

Have the link to the VOD?

Description

Time

  • Played on: June 17, 2017, 9:39 a.m.
  • Length: 9:08

All games in this series

Show
View Real Time Build Order
Export as new Build Order

SortOf Zerg - Winner!

Build Orders: Hatch First 

Get SALT Encoding   

  12  0:00  Drone  
  13  0:12  Overlord  
  13  0:17  Drone  
  14  0:30  Drone x2  
  16  0:37  Drone  
  17  0:50  Hatchery  
  17  0:54  Drone  
  17  0:59  Drone  
  18  1:09  Extractor  
  17  1:14  Spawning Pool  
  17  1:16  Drone  
  17  1:20  Drone  
  18  1:28  Drone  
  19  1:38  Overlord  
  19  1:49  Drone  
  20  2:00  Queen  
  22  2:01  Zergling x2  
  22  2:02  Queen  
  22  2:03  Zergling x2  
  26  2:11  Drone  
  26  2:13  Metabolic Boost  
  26  2:15  Drone  
  28  2:21  Drone  
  29  2:25  Drone  
  30  2:35  Drone x2  
  32  2:40  Hatchery  
  31  2:45  Overlord  
  31  2:50  Pneumatized Carapace  
  31  2:53  Drone  
  31  2:58  Drone  
  33  3:03  Drone  
  34  3:06  Drone  
  34  3:09  Drone x2  
  34  3:12  Drone x3  
  40  3:16  Overlord  
  40  3:20  Drone x2  
  40  3:27  Queen  
  42  3:31  Evolution Chamber, Drone  
  44  3:35  Drone x2  
  46  3:43  Overlord  
  46  3:45  Spore Crawler  
  46  3:47  Spore Crawler, Drone  
  45  3:50  Drone x2  
  45  3:53  Queen  
  49  3:57  Zergling x2  
  49  3:58  Zergling x2  
  49  4:01  Zergling x4  
  52  4:05  Queen  
  54  4:13  Queen  
  53  4:25  Drone  
  53  4:26  Drone x8  
  61  4:36  Drone x2  
  61  4:38  Overlord  
  63  4:39  Baneling Nest  
  63  4:40  Drone  
  63  4:44  Queen  
  65  4:46  Spore Crawler  
  65  4:49  Zergling x6  
  65  4:52  Overlord  
  65  4:57  Lair  
  65  4:59  Extractor  
  64  5:00  Zerg Melee Weapons Level 1  
  64  5:03  Zergling x2  
  64  5:04  Zergling x4  
  67  5:09  Drone  
  67  5:10  Drone x3  
  71  5:16  Overlord  
  71  5:17  Drone x2  
  71  5:18  Overlord  
  71  5:19  Overlord  
  73  5:30  Baneling x3, Overlord  
  73  5:33  Extractor x2  
  71  5:37  Zergling x16  
  71  5:42  Zergling x2  
  80  5:43  Zergling x6  
  80  5:45  Spore Crawler, Baneling x8  
  82  5:51  Zergling x4  
  82  5:56  Overlord  
  84  6:01  Drone x5  
  84  6:03  Drone x2  
  91  6:08  Centrifical Hooks  
  91  6:09  Zergling x2, Spine Crawler x2  
  91  6:11  Zergling x2  
  91  6:17  Zergling x8  
  94  6:29  Zergling x10  
  91  6:35  Overlord  
  91  6:38  Zergling x2  
  91  6:39  Zergling x10  
  97  6:47  Hydralisk Den, Overlord  
  97  6:49  Overlord  
  97  6:53  Hatchery  
  94  6:57  Overlord  
  94  6:59  Zergling x4  
  93  7:05  Zergling x4  
  93  7:08  Extractor  
  93  7:09  Zergling x2  
  93  7:15  Zergling x14  
  94  7:16  Zergling x4  
  94  7:20  Muscular Augments  
  102  7:25  Drone x3  
  105  7:32  Overlord  
  105  7:34  Overlord  
  105  7:35  Drone  
  104  7:41  Overlord  
  102  7:47  Overlord  
  100  7:56  Drone x9  
  97  8:01  Baneling x2  
  97  8:02  Overlord  
  91  8:06  Overlord  
  91  8:08  Drone x2  
  90  8:13  Hydralisk  
  90  8:14  Hydralisk x4  
  90  8:15  Extractor  
  90  8:17  Hydralisk x2  
  101  8:20  Hydralisk  
  101  8:25  Hydralisk x2  
  107  8:27  Spore Crawler  
  107  8:33  Hydralisk x3  
  112  8:37  Baneling x11  
  112  8:39  Hydralisk  
  112  8:40  Hydralisk  
Show
View Real Time Build Order
Export as new Build Order

Theo Protoss 

Build Orders: 1 Gate Expand, Oracle Opening 

Get SALT Encoding   

  12  0:00  Probe (Chrono Boost)  
  13  0:11  Probe (Chrono Boost)  
  14  0:18  Pylon  
  14  0:22  Probe (Chrono Boost)  
  15  0:36  Probe (Chrono Boost)  
  15  0:42  Gateway  
  16  0:46  Assimilator  
  16  0:49  Probe (Chrono Boost)  
  17  0:59  Probe (Chrono Boost)  
  18  1:11  Assimilator  
  18  1:12  Probe (Chrono Boost)  
  19  1:23  Probe (Chrono Boost)  
  20  1:35  Nexus  
  20  1:45  Cybernetics Core  
  20  1:48  Probe (Chrono Boost)  
  21  1:58  Pylon  
  21  2:00  Probe (Chrono Boost)  
  22  2:11  Probe (Chrono Boost)  
  23  2:21  Stargate  
  25  2:22  Mothership Core (Chrono Boost)  
  25  2:23  Warp Gate (Chrono Boost)  
  25  2:37  Adept (Chrono Boost)  
  25  2:40  Probe (Chrono Boost)  
  28  2:47  Probe  
  29  2:52  Probe  
  30  2:58  Probe  
  30  3:01  Adept (Chrono Boost)  
  33  3:05  Oracle (Chrono Boost)  
  33  3:08  Probe  
  33  3:10  Probe  
  38  3:16  Pylon  
  38  3:20  Probe  
  38  3:22  Probe  
  40  3:32  Probe (Chrono Boost)  
  41  3:35  Probe (Chrono Boost)  
  41  3:37  Oracle (Chrono Boost)  
  42  3:46  Probe (Chrono Boost), Gateway  
  46  3:52  Probe (Chrono Boost)  
  47  3:56  Twilight Council  
  47  3:58  Probe (Chrono Boost)  
  48  4:03  Pylon  
  48  4:04  Probe (Chrono Boost)  
  49  4:12  Probe (Chrono Boost)  
  49  4:16  Probe (Chrono Boost)  
  51  4:23  Probe (Chrono Boost)  
  52  4:29  Probe (Chrono Boost), Resonating Glaives (Chrono Boost)  
  49  4:32  Phoenix  
  52  4:44  Gateway x2  
  51  4:48  Pylon  
  51  4:58  Pylon  
  51  5:10  Pylon, Adept x2  
  55  5:17  Gateway  
  55  5:18  Gateway  
  55  5:21  Gateway  
  55  5:23  Gateway  
  55  5:34  Adept x2  
  59  5:40  Nexus  
  59  5:42  Probe (Chrono Boost)  
  60  5:44  Assimilator  
  60  5:45  Assimilator  
  60  5:48  Pylon, Adept x2  
  64  5:55  Adept x2  
  68  6:14  Adept x5  
  65  6:37  Adept x7  
  73  6:44  Probe  
  73  6:45  Probe  
  75  6:47  Assimilator  
  75  6:50  Assimilator  
  71  7:15  Probe x3  
  73  7:21  Forge, Assimilator, Adept  
  73  7:22  Adept x6  
  88  7:23  Robotics Facility  
  88  7:24  Assimilator  
  88  7:26  Probe  
  88  7:27  Probe x2  
  91  7:36  Pylon  
  89  7:39  Probe  
  89  7:40  Adept x2  
  93  7:48  Adept x4  
  93  7:49  Adept  
  103  7:55  Probe  
  89  8:01  Adept x2  
  80  8:09  Probe  
  77  8:13  Adept x3  
  77  8:19  Probe  
  80  8:21  Probe  
  81  8:31  Probe, Adept x2  
  71  9:00  Adept x6  
Tags
 
Add a new tag
Caveats
  • Supply blocks, unpowered buildings, or Contaminate may cause inaccurate times.
  • Supply counts are checked every 10 seconds.